 Dungeon Crawl Stone Soup version 0.29.0-4-gdea44cf6ec (webtiles) character file.

Game seed: 17138025418321829885

16 qw the Chopper (level 2, -3/17 HPs)
             Began as a Tengu Warper on Aug 28, 2022.
             Slain by Terence
             ... wielding a +0 flail
              (9 damage)
             ... on level 2 of the Dungeon.
             The game lasted 00:00:04 (923 turns).

qw the Chopper (Tengu Warper)                        Turns: 923, Time: 00:00:04

Health: -3/17      AC:  3    Str: 11    XL:     2   Next: 58%
Magic:  0/6        EV: 11    Int: 13    God:
Gold:   78         SH:  0    Dex: 13    Spells: 5/5 levels left

rFire   . . .      SeeInvis .   Y - +0 hand axe
rCold   . . .      Faith    .   (no shield)
rNeg    . . .      Spirit   +   b - +0 leather armour
rPois   .          Reflect  .   (helmet restricted)
rElec   .          Harm     .   (no cloak)
rCorr   .          Rampage  .   (no gloves)
Will    .....                   (boots unavailable)
Stlth   +.........              f - amulet of guardian spirit
HPRegen 0.05/turn               (no ring)
MPRegen 0.10/turn               (no ring)

@: no status effects
A: beak, talons 3
a: no special abilities


You were on level 2 of the Dungeon.
You visited 1 branch of the dungeon, and saw 2 of its levels.

You collected 78 gold pieces.


Innate Abilities, Weirdness & Mutations

You have a beak for a mouth.
You have claws for feet.


   Skills:
 - Level 2.0 Fighting
 + Level 3.4 Axes
 - Level 1.0 Throwing
 - Level 1.1 Armour
 - Level 2.1 Dodging
 - Level 2.0 Spellcasting
 - Level 2.4 Translocations


You had 5 spell levels left.
You didn't know any spells.
Your spell library contained the following spells:

 Spells                   Type           Power      Damage    Failure   Level
 Blink                    Tloc           14%        N/A       19%         2
 Gell's Gravitas          Tloc           7%         N/A       36%         3
 Lesser Beckoning         Tloc           7%         N/A       36%         3
 Teleport Other           Tloc           7%         N/A       36%         3
 Manifold Assault         Tloc           7%         N/A       98%         5

Inventory:

Hand Weapons
 Y - a +0 hand axe (weapon)
Armour
 b - a +0 leather armour (worn)
 c - a +0 ring mail
Jewellery
 f - an amulet of guardian spirit (around neck)
Scrolls
 a - a scroll of identify
Potions
 d - a potion of curing {unknown}
 e - a potion of attraction {unknown}

Dungeon Overview and Level Annotations

Branches:
Dungeon (2/15)

Altars:
Xom

Shops:
D:1 =

Annotations:
D:2 Terence


Message History

Enter note:
Found an escape hatch in the floor.
You now have 78 gold pieces (gained 7).
You open the door.
There is an open door here.
Found a hand axe.
Found a faded altar of an unknown god.
Enter note:
Enter note:
Enter note:
d - a white potion You see here a +0 pair of boots.
Enter note: Terence the Incautious comes into view.
He is wielding a +0 flail.
Found 7 stones.
Found a stone staircase leading down.
You hit Terence. You claw Terence. You peck Terence, but do no damage.
Terence is moderately wounded.
Terence closely misses you.
You hit Terence but do no damage. Your kick misses Terence.
You peck Terence, but do no damage.
Terence is moderately wounded.
Terence barely misses you.
You hit Terence but do no damage. Your kick misses Terence.
Your peck misses Terence.
Terence is moderately wounded.
Terence barely misses you.
You hit Terence but do no damage.
Terence is moderately wounded.
Terence hits you with a +0 flail. Terence barely misses you.
You barely miss Terence. You claw Terence. You peck Terence.
Terence is heavily wounded.
Terence closely misses you.
You hit Terence. You peck Terence, but do no damage.
Terence is severely wounded.
Terence hits you with a +0 flail!
Ouch! That really hurt!
You hit Terence but do no damage.
Terence is severely wounded.
Terence hits you with a +0 flail!
Ouch! That really hurt!
You die...

#....##########...
#....##...............#
##....##..##....#(.....#
................#......#
.#....##........#.....#
.#######..............#
.# #..###..###.....## .#
...........[........ .#
.............@@...... .#
..........)###....... .#
............ ....... ##
............_ ....... .
.......... ......> #
...###..## .#.#### ..
... .#.# #..#


You could see Terence.

Vanquished Creatures
  2 bats (D:1)
  4 endoplasms (D:1)
  A giant cockroach (D:2)
  A goblin (D:2)
  A hobgoblin (D:1)
  A ball python (D:1)
  2 frilled lizards (D:1)
  A kobold (D:1)
  2 rats (D:1)
15 creatures vanquished.

Notes
Turn   | Place    | Note
-------+----------+-------------------------------------------
     0 | D:1      | qw the Tengu Warper began the quest for the Orb.
     0 | D:1      | Reached XP level 1. HP: 12/12 MP: 4/4
     0 | D:1      | 0 ||| qw: Version: 0.1-a-89-g26bdef1
     0 | D:1      | 0 ||| qw: Game counter: 2735
     0 | D:1      | 0 ||| qw: Always use a shield: true
     0 | D:1      | 0 ||| qw: God list: Okawaru
     0 | D:1      | 0 ||| qw: Allow faded altars: false
     0 | D:1      | 0 ||| qw: Do Orc after D:15 true
     0 | D:1      | 0 ||| qw: Do second Lair branch before Depths: true
     0 | D:1      | 0 ||| qw: Lair rune preference: random
     0 | D:1      | 0 ||| qw: Plans: Normal
     0 | D:1      | 0 ||| PLANNING D:1-11
    35 | D:1      | 35 ||| Stepping ~*~*~tactically~*~*~ (water).
   142 | D:1      | Reached XP level 2. HP: 9/17 MP: 6/6
   240 | D:1      | Reached skill level 3 in Axes
   465 | D:1      | Found Kesojibb's Jewellery Shoppe.
   471 | D:1      | 471 ||| SHOPLISTING +4 ring of evasion (504 gold, have 16).
   471 | D:1      | 471 ||| SHOPLISTING amulet of Owepp {Spirit Dex+3} (606
                  | gold, have 16).
   471 | D:1      | 471 ||| SHOPLISTING ring of fire (350 gold, have 16).
   471 | D:1      | 471 ||| SHOPLISTING ring of ice (350 gold, have 16).
   471 | D:1      | 471 ||| SHOPLISTING ring of protection from fire (350 gold,
                  | have 16).
   648 | D:1      | 648 ||| UPGRADING to amulet of guardian spirit.
   653 | D:1      | 653 ||| READING 2 scrolls labelled QASCHA BEIJA.
   654 | D:1      | 654 ||| READING scroll labelled ACE FITACONE.
   659 | D:1      | 659 ||| DROPPING scroll of blinking.
   672 | D:2      | Found a shimmering altar of Xom.
   904 | D:2      | Found a faded altar of an unknown god.
   911 | D:2      | Noticed Terence
   923 | D:2      | Slain by Terence

Levels and vault maps discovered:
D:1:      dpeg_arrival_pits, layout_rooms, serial_shops, nicolae_shop_crystal,
          serial_bayou_pond_e
D:2:      layout_basic, basic_altar, hellmonk_ecumenical_altar_lost_god,
          uniq_terence

Skill      XL: |  1  2 |
---------------+-------+-----
Axes           | 3 |  3.4
Fighting       | |  2.0
Throwing       | |  1.0
Armour         | |  1.1
Dodging        | |  2.1
Spellcasting   | |  2.0
Translocations | |  2.4

Action                   || total
-------------------------++-------
Melee: Hand axe          ||    32
       Kick              ||     9
       Peck              ||     7
Throw: Boomerang         ||     7
  Use: Scroll            ||     2
Armor: Leather armour    ||     5
Dodge: Dodged            ||    20

Table legend:
 A = Non-vault XP
 B = Vault XP
 C = Vault XP percentage of total XP
 D = Non-vault monster count
 E = Vault monster count
 F = Vault count percentage of total count
                 A         B        C        D         E       F
            +---------+---------+-------+---------+---------+-------
      Total |      24 |       0 |   0.0 |      15 |       0 |   0.0
            +---------+---------+-------+---------+---------+-------
        D:1 |      20 |       0 |   0.0 |      13 |       0 |   0.0
        D:2 |       4 |       0 |   0.0 |       2 |       0 |   0.0
            +---------+---------+-------+---------+---------+-------
